Map: Efflorescence LE

Players

TBURO

  • Race: Terran Terran
  • League: Diamond
  • Spawn Location: 9:00

UTLRA

  • Race: Zerg Zerg
  • League: Diamond
  • Spawn Location: 6:00

Massa

  • Race: Terran Terran
  • League: Platinum
  • Spawn Location: 3:00

qqq

  • Race: Zerg Zerg
  • Spawn Location: 12:00

VOD

Have the link to the VOD?

Description

Time

  • Played on: Feb. 11, 2021, 2:54 p.m.
  • Length: 7:17
Show
View Real Time Build Order
Export as new Build Order

TBURO Terran 

Build Orders: 1/1/1 

Get SALT Encoding   

  12  0:00  SCV  
  13  0:12  SCV  
  14  0:18  Supply Depot  
  14  0:24  SCV  
  15  0:30  Refinery  
  15  0:39  SCV  
  16  0:45  Barracks  
  16  0:51  SCV  
  17  1:03  SCV  
  18  1:07  Barracks  
  18  1:22  SCV  
  18  1:25  Refinery  
  19  1:34  SCV  
  19  1:37  Factory  
  20  1:50  Marine  
  21  1:58  Orbital Command  
  21  2:00  Barracks Reactor  
  21  2:21  Starport  
  21  2:22  Barracks Tech Lab  
  21  2:23  Factory Reactor  
  21  2:27  Supply Depot  
  21  2:36  Marine x2  
  23  2:44  Stimpack  
  23  2:49  SCV, Marine  
  25  2:54  Supply Depot  
  25  2:56  Marine  
  26  3:00  Marine  
  27  3:07  Marine  
  28  3:14  Marine  
  28  3:15  Medivac  
  28  3:18  Marine  
  32  3:22  Medivac  
  32  3:25  Marine  
  35  3:31  Marine  
  36  3:34  Supply Depot  
  36  3:36  Marine  
  37  3:43  Marine  
  38  3:49  Marine  
  38  3:55  Marine  
  39  4:01  Factory Tech Lab, Marine, Medivac  
  43  4:03  Medivac  
  43  4:07  Marine  
  46  4:13  Marine  
  47  4:24  Supply Depot  
  47  4:44  Marine x2  
  47  4:45  Marine  
  22  5:02  Marine x2  
  22  5:03  Marine  
  22  5:20  Marine  
  22  5:21  Marine  
  19  5:38  Marine  
  20  5:48  Marine  
  20  5:56  Marine  
  12  6:46  Orbital Command  
Show
View Real Time Build Order
Export as new Build Order

UTLRA Zerg 

Build Orders: Hatch First 

Get SALT Encoding   

  12  0:01  Drone  
  13  0:13  Overlord  
  13  0:19  Drone  
  14  0:32  Drone x2  
  16  0:37  Drone  
  17  0:54  Drone  
  18  1:02  Drone  
  18  1:03  Hatchery  
  18  1:04  Extractor  
  17  1:20  Drone, Spawning Pool  
  17  1:23  Drone  
  18  1:31  Drone  
  19  1:41  Drone  
  20  1:58  Overlord  
  20  2:06  Queen  
  22  2:11  Metabolic Boost  
  22  2:15  Queen  
  22  2:17  Drone, Zergling x2  
  22  2:18  Drone  
  22  2:22  Drone  
  28  2:28  Drone  
  29  2:34  Drone  
  30  2:40  Drone  
  31  2:44  Overlord  
  31  2:53  Queen  
  31  2:55  Queen  
  35  2:58  Overlord  
  35  3:01  Drone  
  36  3:13  Drone x3  
  36  3:16  Overlord  
  36  3:17  Drone x2  
  40  3:30  Zergling x2  
  40  3:31  Drone x3  
  44  3:37  Lair  
  44  3:40  Roach Warren  
  43  3:44  Evolution Chamber  
  43  3:46  Extractor, Drone, Zergling x2  
  43  3:57  Zergling x4  
  45  4:03  Spine Crawler  
  45  4:05  Zergling x2  
  45  4:06  Zergling x6  
  48  4:10  Zergling x6  
  51  4:24  Zergling x2  
  51  4:25  Zergling x2  
  49  4:36  Zergling x2  
  49  4:37  Zergling x8  
  51  4:42  Glial Reconstitution  
  51  4:45  Roach x2  
  55  4:48  Spine Crawler  
  54  4:54  Roach x2  
  54  4:55  Extractor  
  57  5:02  Roach  
  58  5:08  Roach  
  58  5:14  Roach  
  59  5:15  Overlord  
  59  5:16  Overlord x2  
  59  5:20  Drone  
  55  5:21  Roach x3  
  55  5:24  Ravager  
  60  5:28  Overlord  
  58  5:37  Roach  
  58  5:38  Roach  
  53  5:46  Roach  
  53  5:47  Roach  
  50  5:51  Zergling x2  
  50  5:52  Zergling x10  
  54  6:05  Roach x2  
  58  6:12  Roach  
  58  6:13  Roach  
  62  6:18  Queen x2  
  66  6:29  Roach  
  66  6:30  Roach x2  
  72  6:33  Roach  
  74  6:42  Roach  
  74  6:46  Roach  
  78  6:52  Roach  
  80  6:56  Roach  
  80  7:00  Drone  
  83  7:17  Hatchery  
Show
View Real Time Build Order
Export as new Build Order

Massa Terran 

Build Orders:  

Get SALT Encoding   

  12  0:00  SCV  
  13  0:12  SCV  
  14  0:18  Supply Depot  
  14  0:24  SCV  
  15  0:39  SCV  
  15  0:40  Barracks  
  16  0:51  SCV  
  16  0:55  Refinery  
  17  0:59  Supply Depot  
  17  1:04  SCV  
  18  1:16  SCV  
  19  1:28  SCV  
  19  1:30  Barracks  
  20  1:36  Barracks  
  20  1:40  Marine  
  21  2:00  Marine  
  22  2:06  Orbital Command  
  22  2:10  Supply Depot  
  22  2:17  Barracks Tech Lab  
  22  2:18  Marine  
  23  2:33  Marine  
  23  2:35  Marine  
  23  2:36  Marauder  
  27  2:37  Stimpack  
  27  2:51  Marine  
  28  2:53  Marine  
  28  2:57  Marauder  
  31  3:05  Supply Depot  
  31  3:09  Marine  
  31  3:11  Marine  
  33  3:19  Marauder  
  35  3:26  Marine  
  36  3:29  Marine  
  37  3:35  Supply Depot  
  37  3:40  Marauder  
  39  3:44  Marine  
  39  3:47  Marine  
  41  4:02  Marauder, Marine  
  44  4:04  Marine  
  44  4:09  Command Center  
  45  4:20  Marine  
  45  4:22  Marine  
  45  4:23  Marauder  
  47  4:59  Marauder, Marine x2  
  44  5:17  Marine  
  44  5:21  Marauder  
  47  5:22  Engineering Bay  
  47  5:23  Combat Shield  
  47  5:25  Factory  
  37  5:55  Marine  
  37  5:56  Marauder, Marine  
  31  6:13  Marine  
  31  6:14  Marine  
  31  6:17  Marine  
  22  6:22  Hellion  
  21  6:31  Marine x2  
  21  6:36  Marauder  
  21  6:43  Hellion  
  21  6:44  SCV  
  21  6:48  Marine  
  19  6:57  SCV  
Show
View Real Time Build Order
Export as new Build Order

qqq Zerg 

Build Orders: Hatch First 

Get SALT Encoding   

  12  0:00  Drone  
  13  0:13  Drone  
  14  0:19  Overlord  
  14  0:47  Hatchery  
  13  1:00  Drone  
  13  1:01  Drone x2  
  16  1:13  Drone  
  17  1:25  Extractor, Spawning Pool  
  15  1:27  Drone  
  16  1:37  Drone  
  17  1:44  Drone  
  18  1:54  Drone  
  18  2:01  Drone  
  20  2:07  Drone  
  21  2:10  Drone  
  21  2:12  Queen x2  
  26  2:21  Overlord  
  26  2:24  Drone  
  27  2:30  Metabolic Boost  
  27  2:36  Evolution Chamber  
  26  2:39  Drone  
  26  2:41  Drone  
  28  2:48  Overlord  
  28  2:51  Drone  
  29  2:54  Zergling x2  
  29  2:57  Drone  
  30  3:00  Zergling x2  
  31  3:08  Zergling x2  
  31  3:11  Zerg Melee Weapons Level 1  
  31  3:12  Zergling x2  
  33  3:18  Zergling x2  
  34  3:20  Zergling x4  
  34  3:22  Zergling x2  
  37  3:33  Zergling x6  
  40  3:34  Zergling x4  
  40  3:37  Overlord  
  42  3:46  Zergling x2  
  42  3:47  Zergling x2  
  44  3:50  Lair  
  44  3:56  Drone, Zergling x2  
  44  3:57  Zergling x2  
  44  4:01  Zergling x4  
  49  4:04  Zergling x2  
  49  4:06  Zergling x2  
  51  4:13  Zergling x2  
  51  4:15  Overlord  
  51  4:30  Zergling x2  
  38  4:59  Zergling x6  
  41  5:01  Drone x3  
  28  5:30  Hatchery  
Tags
 
Add a new tag
Caveats
  • Supply blocks, unpowered buildings, or Contaminate may cause inaccurate times.
  • Supply counts are checked every 10 seconds.